 Dungeon Crawl Stone Soup version 0.30-a0-1094-g860fb061e7 (webtiles) character file.

Game seed: 5386075111620418693

34085 zlionsfan the Spear-Bearer (level 13, -16/106 HPs)
             Began as a Demonspawn Wanderer on Apr 17, 2023.
             Was a High Priest of Trog.
             Demolished by Rupert
             ... wielding a +1 great mace of holy wrath
              (20 damage)
             ... on level 4 of the Lair of Beasts on Apr 18, 2023.
             The game lasted 00:54:57 (12596 turns).

zlionsfan the Spear-Bearer (Demonspawn Wanderer)   Turns: 12596, Time: 00:54:58

Health: -16/106    AC: 28    Str: 19    XL:     13   Next: 40%
Magic:  14/14      EV: 10    Int: 13    God:    Trog [*****.]
Gold:   717        SH:  0    Dex: 19    Spells: 14/14 levels left

rFire   . . .      SeeInvis .    b - +3 glaive (flame)
rCold   . . .      Faith    .    (shield currently unavailable)
rNeg    . . .      Spirit   .    s - +6 chain mail "Ydizxymo" {Will+}
rPois   .          Reflect  .    N - +1 hat
rElec   .          Rampage  .    j - +2 cloak {rCorr}
rCorr   +                        r - +2 pair of gloves
Will    +....                    y - +2 pair of boots Stlth
                                 H - amulet of the acrobat
HPRegen 0.37/turn                o - +6 ring of strength
MPRegen 0.14/turn                C - ring "Imukkic" {rCorr Str-5 Dex+6 Slay+5}

@: mighty
A: antennae 2, rugged brown scales 1, ignite blood 3, powered by pain 1
a: Renounce Religion, Berserk, Trog's Hand, Brothers in Arms


You were on level 4 of the Lair of Beasts.
You worshipped Trog.
Trog was extremely pleased with you.
You visited 2 branches of the dungeon, and saw 16 of its levels.

You collected 1092 gold pieces.
You spent 375 gold pieces at shops.

Inventory:

Hand Weapons
 a - a +6 heavy trident
 b - a +3 glaive of flaming (weapon)
Missiles
 F - 2 throwing nets
Armour
 j - a +2 cloak of preservation (worn)
 r - a +2 pair of gloves (worn)
 s - the +6 chain mail "Ydizxymo" (worn) {Will+}
   (You found it on level 3 of the Dungeon)

   Will:      It increases your willpower.
 y - a +2 pair of boots (worn)
 N - a +1 hat (worn)
Jewellery
 o - a +6 ring of strength (left hand)
 C - the ring "Imukkic" (right hand) {rCorr Str-5 Dex+6 Slay+5}
   (You took it off a centaur on level 10 of the Dungeon)

   [ring of dexterity]

   Str:       It affects your strength (-5).
   Dex:       It affects your dexterity (+6).
   Slay:      It affects your accuracy & damage with ranged weapons and melee
   (+5).
   rCorr:     It protects you from acid and corrosion.
 D - a ring of protection from fire
 H - an amulet of the acrobat (around neck)
 M - a ring of protection from cold
Wands
 t - a wand of paralysis (10)
 v - a wand of digging (2)
 B - a wand of acid (10)
 P - a wand of mindburst (9)
 R - a wand of polymorph (3) (quivered)
 S - a wand of roots (1)
Scrolls
 e - 2 scrolls of immolation {unknown}
 g - 2 scrolls of silence {unknown}
 h - 4 scrolls of noise {unknown}
 k - 2 scrolls of torment {unknown}
 l - 4 scrolls of fog
 m - 6 scrolls of teleportation
 n - a scroll of enchant armour
 q - 4 scrolls of magic mapping
 w - 4 scrolls of vulnerability
 x - 3 scrolls of fear {unknown}
 A - 4 scrolls of poison
 L - a scroll of blinking {unknown}
 O - a scroll of butterflies {unknown}
Potions
 c - 3 potions of heal wounds
 d - 2 potions of might
 f - 4 potions of curing
 i - a potion of mutation {unknown}
 p - 2 potions of cancellation
 u - 2 potions of degeneration {unknown}
 z - 2 potions of lignification {unknown}
 E - 3 potions of attraction {unknown}
 G - a potion of ambrosia {unknown}
 I - a potion of resistance {unknown}
 J - a potion of flight {unknown}
 K - 2 potions of invisibility {unknown}
Miscellaneous
 Q - a lightning rod (4/4)


   Skills:
 * Level 9.8 Fighting
 * Level 14.8(15.2) Polearms
 + Level 5.2(11.0) Staves
 + Level 7.4 Armour
 + Level 4.2 Dodging
 + Level 3.0 Stealth
 - Level 1.0 Spellcasting
 - Level 1.8 Transmutations
 * Level 8.9 Evocations


You had 14 spell levels left.
You didn't know any spells.
Your spell library contained the following spells:

 Spells                   Type           Power      Damage    Failure   Level
 Wereblood                Tmut           5%         N/A       80%         2
 Passwall                 Tmut/Erth      2%         N/A       89%         2


Dungeon Overview and Level Annotations

Branches:
Dungeon (12/15)            Temple (0/1) D:5            Lair (4/5) D:11
  Swamp (0/4) Lair:3       Spider (0/4) Lair:2          Orc (0/2) D:11
  Slime: Lair:4-5

Altars:
Ashenzari
Cheibriados
Nemelex Xobeh
Qazlal
Sif Muna
Trog
Vehumet

Shops:
D:1 *   D:5 =   D:8 [   D:9 !

Annotations:
D:5 3 runed translucent doors, Esekla's ghost, novice OpDe
D:6 2 transporters, jimonade's ghost, novice NaWr
Lair:4 Rupert


Innate Abilities, Weirdness & Mutations

You have a pair of antennae on your head.
You are partially covered in rugged brown scales. (AC +1, +3% HP)
Your demonic aura causes all spilled blood to erupt in flames.
You sometimes gain a little power by taking damage.


Message History

Roots grab Rupert.
The grasping roots constrict Rupert.
Rupert struggles to escape constriction.
The grasping roots constrict Rupert!
Rupert struggles to escape constriction.
The grasping roots constrict Rupert!
Rupert struggles to escape constriction.
The grasping roots constrict Rupert!
The roots release their grip on Rupert.
A black mamba comes into view.
Reach: b) +3 glaive (flame)
Press: ? - help, Dir - move target, f - Rupert
Aim: Rupert, wielding a +1 great mace of holy wrath and wearing a +0 scale mail (moderately wounded, about 24% to evade your +3 glaive of flaming)
You reach to attack!
You slice Rupert!! You burn Rupert.
Rupert is heavily wounded.
Rupert is engulfed in blazing flames.
Rupert roars madly and goes into a rage!
Rupert goes berserk!
Reach: b) +3 glaive (flame)
Press: ? - help, Dir - move target, f/p - Rupert
Aim: Rupert, wielding a +1 great mace of holy wrath and wearing a +0 scale mail (flame, heavily wounded, berserk, about 24% to evade your +3 glaive of flaming)
You reach to attack!
You slash Rupert! You burn Rupert.
Rupert is severely wounded.
Rupert is engulfed in blazing flames. x2
Rupert hits you with a +1 great mace of holy wrath!!
You convulse.
You slash Rupert! You burn Rupert.
Rupert is almost dead.
The black mamba is engulfed in blazing flames.
Rupert is engulfed in blazing flames.
Rupert hits you with a +1 great mace of holy wrath!!!
You focus on the pain.
You feel very mighty all of a sudden.
You convulse!!
* * * LOW HITPOINT WARNING * * *
The black mamba is engulfed in blazing flames.
You hit Rupert. You burn Rupert.
Rupert is almost dead.
Rupert is engulfed in blazing flames.
Rupert hits you with a +1 great mace of holy wrath!!
You die...

## #P..#.## ####.#.P..#.##
#.###....## ####.............
##.#....#.# #.#..............
#......#.## ###....(..........
#.....#######...<.##.###...#.#
#....## #.#...$..### #######
#....### ###....#### #......#
#..#§..# #....### #...@###
##....# #..@#§# #...##
#.#☼☼{## #...# ##.○§ { ###.##
#.... ##.# ##... ###..# #...
##...## #... #....##


You could see Rupert (berserk).

Vanquished Creatures
  4 hydras
  Fannar (Lair:1)
  A two-headed ogre (D:11)
  A catoblepas (Lair:2)
  2 boulder beetles (D:11)
  Sonja (Lair:1)
  An orb spider (Lair:2)
  An ugly thing (D:11)
  12 elephants
  3 black mambas
  12 cane toads
  A gargoyle (D:10)
  Joseph (Lair:1)
  5 komodo dragons
  Psyche (D:11)
  A rime drake (Lair:1)
  6 trolls
  2 hornets
  2 polar bears (Lair:3)
  12 blink frogs (Lair:1)
  2 wraiths (D:11)
  2 wyverns
  A vampire (D:11)
  33 yaks
  2 basilisks (Lair:2)
  7 water moccasins
  2 black bears (D:11)
  6 orc warriors
  3 sky beasts
  3 ice beasts
  5 wolves (Lair:3)
  5 centaurs
  9 ogres
  5 kobold brigands
  13 bullfrogs
  2 gnoll sergeants
  A scorpion (D:11)
  11 wights (D:9)
  9 killer bees
  4 howler monkeys
  4 hounds
  A jelly (D:4)
  2 orc priests (D:6)
  2 sleepcaps
  2 iguanas
  3 orc wizards
  11 gnolls
  8 adders
  2 shadow imps
  2 white imps (D:6)
  3 ufetubi
  2 worms
  A dart slug (D:4)
  19 orcs
  12 endoplasms
  5 giant cockroaches
  4 goblins
  8 hobgoblins
  4 jackals (D:1)
  15 kobolds
  4 quokkas
  5 ball pythons
  2 bats (D:2)
  4 frilled lizards
  6 rats
326 creatures vanquished.

Vanquished Creatures (others)
  A bush (Lair:1)
  54 fungi
  65 plants
120 creatures vanquished.

Grand Total: 446 creatures vanquished

Notes
Turn   | Place    | Note
-------+----------+-------------------------------------------
     0 | D:1      | zlionsfan the Demonspawn Wanderer began the quest for the
                  | Orb.
     0 | D:1      | zlionsfan set off with the following items: a +2
                  | quarterstaff, a wand of polymorph (3), a potion of heal
                  | wounds, a +0 leather armour; and the following spells
                  | available to memorise: Wereblood, Passwall.
     0 | D:1      | Reached XP level 1. HP: 15/15 MP: 2/2
   196 | D:1      | Found a faded altar of an unknown god.
   205 | D:1      | Gained mutation: You sometimes gain a little power by
                  | taking damage. [demonic ancestry]
   205 | D:1      | Reached XP level 2. HP: 14/21 MP: 3/3
   211 | D:1      | Prayed at the altar of an unknown god.
   211 | D:1      | Became a worshipper of Trog the Wrathful
   211 | D:1      | Reached * piety under Trog
   265 | D:1      | Reached skill level 5 in Staves
   362 | D:1      | Found Attadiugg's Assorted Antiques.
   885 | D:2      | Gained mutation: Your demonic aura sometimes causes spilled
                  | blood to erupt in flames. [demonic ancestry]
   885 | D:2      | Reached XP level 3. HP: 25/26 MP: 4/4
  1002 | D:2      | Reached ** piety under Trog
  1504 | D:3      | Reached skill level 1 in Armour
  1527 | D:3      | Identified the +6 chain mail "Ydizxymo" {Will+}
  1696 | D:3      | Gained mutation: Your demonic aura often causes spilled
                  | blood to erupt in flames. [demonic ancestry]
  1696 | D:3      | Reached XP level 4. HP: 33/33 MP: 5/5
  1732 | D:3      | Found a shimmering blue altar of Sif Muna.
  1772 | D:4      | Reached skill level 1 in Polearms
  1825 | D:4      | Reached XP level 5. HP: 35/38 MP: 6/6
  1860 | D:4      | Found a radiant altar of Vehumet.
  1878 | D:4      | Noticed a lemure
  2215 | D:5      | Entered Level 5 of the Dungeon
  2230 | D:5      | Found a staircase to the Ecumenical Temple.
  2232 | D:5      | Noticed an ogre
  2237 | D:5      | Killed an ogre
  2238 | D:5      | Reached skill level 2 in Polearms
  2238 | D:5      | Gained mutation: You are partially covered in rugged brown
                  | scales. (AC +1, +3% HP) [demonic ancestry]
  2238 | D:5      | Reached XP level 6. HP: 39/47 MP: 7/7
  2307 | D:5      | Reached skill level 3 in Polearms
  2321 | D:5      | Reached *** piety under Trog
  2332 | D:5      | Found a runed translucent gate.
  2332 | D:5      | Found a runed translucent gate.
  2332 | D:5      | Noticed Esekla's ghost (novice OpDe)
  2333 | D:5      | Found a runed translucent gate.
  2364 | D:5      | Found Cuzuru's Jewellery Emporium.
  2437 | D:5      | Found a stormy altar of Qazlal.
  2610 | D:5      | Noticed an ice beast
  2617 | D:5      | Killed an ice beast
  2761 | D:5      | Gained mutation: Your demonic aura causes all spilled blood
                  | to erupt in flames. [demonic ancestry]
  2761 | D:5      | Reached XP level 7. HP: 46/52 MP: 8/8
  2790 | D:5      | Reached skill level 4 in Polearms
  2927 | D:5      | Bought a ring of protection from fire for 375 gold pieces
  3166 | D:6      | Reached skill level 5 in Polearms
  3217 | D:6      | Upgraded the game from 0.30-a0-1085-g990a428a5c to
                  | 0.30-a0-1094-g860fb061e7
  3232 | D:6      | Found a transporter.
  3263 | D:6      | Identified the +0 ring mail "Hoinol" {rPois rC++ Int-4}
  3552 | D:6      | Noticed jimonade's ghost (novice NaWr)
  3574 | D:6      | Found a broken altar of Ashenzari.
  3802 | D:6      | Found a transporter.
  4026 | D:7      | Reached XP level 8. HP: 59/59 MP: 9/9
  4040 | D:7      | Reached skill level 6 in Polearms
  4363 | D:7      | Found a snail-covered altar of Cheibriados.
  4511 | D:7      | Reached skill level 7 in Polearms
  4993 | D:8      | Found Sossal's Antique Armour Boutique.
  5068 | D:8      | Noticed a hornet
  5077 | D:8      | Killed a hornet
  5078 | D:8      | Reached skill level 1 in Dodging
  5078 | D:8      | Reached XP level 9. HP: 66/66 MP: 10/10
  5202 | D:8      | Reached skill level 8 in Polearms
  5360 | D:8      | Reached skill level 5 in Evocations
  5476 | D:8      | Found a sparkling altar of Nemelex Xobeh.
  5622 | D:9      | Reached **** piety under Trog
  5629 | D:9      | Reached skill level 9 in Polearms
  5631 | D:9      | Reached skill level 5 in Fighting
  5631 | D:9      | Reached skill level 1 in Stealth
  5873 | D:9      | Found Echaun's Distillery.
  5979 | D:9      | Gained mutation: You have a pair of small antennae on your
                  | head. [demonic ancestry]
  5979 | D:9      | Reached XP level 10. HP: 62/76 MP: 11/11
  6627 | D:10     | Entered Level 10 of the Dungeon
  7064 | D:10     | Reached skill level 10 in Polearms
  7079 | D:10     | Noticed a gargoyle
  7081 | D:10     | Killed a gargoyle
  7184 | D:10     | Identified the ring "Imukkic" {rCorr Str-5 Dex+6 Slay+5}
  7566 | D:11     | Noticed a white ugly thing
  7603 | D:11     | Found a staircase to the Lair.
  7605 | D:11     | Noticed a boulder beetle
  7616 | D:11     | Noticed Psyche
  7638 | D:11     | Noticed a boulder beetle
  7660 | D:11     | Killed a boulder beetle
  7661 | D:11     | Reached skill level 11 in Polearms
  7662 | D:11     | Reached skill level 5 in Armour
  7701 | D:11     | Reached XP level 11. HP: 69/83 MP: 12/12
  7744 | D:11     | Killed Psyche
  8093 | D:11     | Noticed a two-headed ogre
  8111 | D:11     | Killed a white ugly thing
  8269 | D:11     | Killed a two-headed ogre
  8270 | D:11     | Reached skill level 12 in Polearms
  8441 | D:11     | Killed a boulder beetle
  8697 | D:11     | Found a staircase to the Orcish Mines.
  8699 | D:11     | Reached ***** piety under Trog
  8720 | D:11     | Received a gift from Trog
  8798 | Lair:1   | Entered Level 1 of the Lair of Beasts
  8849 | Lair:1   | Noticed Sonja
  8855 | Lair:1   | Killed Sonja
  8888 | Lair:1   | Noticed Fannar
  8904 | Lair:1   | Killed Fannar
  8905 | Lair:1   | Reached XP level 12. HP: 74/94 MP: 13/13
  8966 | Lair:1   | Noticed Joseph
  8985 | Lair:1   | Killed Joseph
  9013 | Lair:1   | Reached skill level 13 in Polearms
  9806 | Lair:2   | Noticed a catoblepas
  9813 | Lair:2   | Killed a catoblepas
  9886 | Lair:2   | Noticed a six-headed hydra
  9897 | Lair:2   | Killed a six-headed hydra
 10121 | Lair:2   | Found a hole to the Spider Nest.
 11064 | Lair:3   | Noticed a seven-headed hydra
 11070 | Lair:3   | Killed a seven-headed hydra
 11071 | Lair:3   | Reached skill level 14 in Polearms
 11284 | Lair:3   | Gained mutation: You have a pair of antennae on your head.
                  | [demonic ancestry]
 11284 | Lair:3   | Reached XP level 13. HP: 99/104 MP: 14/14
 11688 | Lair:3   | Found a staircase to the Swamp.
 11713 | Lair:3   | Received a gift from Trog
 12588 | Lair:4   | Noticed Rupert
 12595 | Lair:4   | HP: 4/106 [Rupert/+1 great mace of holy wrath (32)]
 12596 | Lair:4   | Demolished by Rupert

Illustrated notes

Levels and vault maps discovered:
D:1:      lightli_arrival_lavapool, layout_loops_ring,
          hellmonk_ecumenical_altar_dog_temple, serial_shops, shop,
          nicolae_figureground_pulse
D:2:      layout_rooms
D:3:      layout_rooms, lemuel_blue_sif_altar, serial_bayou_pond_d
D:4:      layout_basic, nicolae_vehumet_altar_sigil, hangedman_decor_points,
          minmay_misc_feat_hallway, uniq_pikel
D:5:      layout_gridville, amcnicky_altar_gilded, minmay_temple_entry_tees,
          gammafunk_ghost_split, serial_shops, nicolae_diamond_shop,
          minmay_misc_feat_room, abandoned_shop, st_stairs_6
D:6:      layout_basic, mainiacjoe_overflow_alcove_1,
          gammafunk_ghost_gnarly_gnolls, nrook_mini_vaults
D:7:      layout_cave_pods, cheibrodos_worm_habitat, minmay_misc_feat_tiny,
          grunt_decor_arrowhead, minmay_misc_feat_ornament
D:8:      layout_rooms, marbit_many_paths, serial_shops,
          nicolae_shop_tiny_glass, serial_park_tiny_1
D:9:      layout_basic, serial_shops, shop_fountains
D:10:     layout_roguey, kennysheep_another_room, lemuel_flamethrower_hall
D:11:     layout_rooms, due_lair_maze_entry_diamond,
          kennysheep_orc_monster_closet_entryway, uniq_psyche
D:12:     layout_roguey
Lair:1:   layout_chaotic_city, grunt_megastairs_2, uniq_fannar, uniq_sonja,
          uniq_joseph
Lair:2:   layout_cave_pods, nicolae_spider_entry_orb_guardian,
          chequers_serial_rivers_marsh, nicolae_quartered_pool_little,
          beast_lair_carwin_8, lemuel_fruit_tree
Lair:3:   layout_cave_pods, swamp_mist_pool, grunt_megastairs_4
Lair:4:   layout_concentric_octagons, serial_bayou_shore_b, uniq_rupert,
          uniq_urug

Skill      XL: |  1  2  3  4  5  6  7  8  9 10 11 12 13 |
---------------+----------------------------------------+-----
Staves         | 5 |  5.2
Armour         | 1 2 3 5 6 7 |  7.4
Polearms       | 1 2 3 5 7 9 11 12 14 | 14.8
Fighting       | 2 3 4 5 6 7 9 |  9.8
Evocations     | 3 4 5 6 7 8 |  8.9
Dodging        | 1 2 3 4 |  4.2
Stealth        | 1 2 3 |  3.0
Spellcasting   | |  1.0
Transmutations | |  1.8

Action                     |  1- 3 |  4- 6 |  7- 9 | 10-12 | 13-15 || total
---------------------------+-------+-------+-------+-------+-------++-------
  Melee: Quarterstaff      |    51 |       |       |       |       ||    51
         Trident           |    33 |    62 |   209 |   358 |    38 ||   700
         Punch             |       |       |     1 |     1 |       ||     2
         Glaive            |       |       |       |       |    35 ||    35
 Invoke: Berserk           |       |     1 |     1 |     2 |       ||     4
         Trog's Hand       |       |       |       |     1 |       ||     1
  Evoke: Wand              |       |       |     2 |    13 |     1 ||    16
    Use: Scroll            |       |       |    10 |    10 |     1 ||    21
         Potion            |       |       |       |     1 |       ||     1
   Stab: Sleeping          |     1 |       |       |       |       ||     1
         Paralysed         |       |       |       |     4 |       ||     4
 Armour: Leather armour    |    13 |       |       |       |       ||    13
         Chain mail        |       |    40 |   198 |   134 |    26 ||   398
  Dodge: Dodged            |    36 |    24 |   138 |   122 |    16 ||   336

Table legend: (Time is in decaauts)
 A = Elapsed time spent in this place.
 B = Non-inter-level travel time spent in this place.
 C = Inter-level travel time spent in this place.
 D = Time resting spent in this place.
 E = Time spent auto-exploring this place.
 F = Levels seen in this place.
 G = Mean time per level.
                   A        B        C        D        E       F      G
               +--------+--------+--------+--------+--------+-----+--------+
         Total |  12806 |  12328 |    478 |   1704 |   8022 |  16 |  800.4 |
       Dungeon |   9016 |   8617 |    399 |   1083 |   5613 |  12 |  751.3 |
          Lair |   3789 |   3710 |     79 |    621 |   2409 |   4 |  947.2 |
               +--------+--------+--------+--------+--------+-----+--------+

Top non-repeatable levels by time:
  Lair:2: 1332 daAuts
    D:10: 1158 daAuts
  Lair:3: 1146 daAuts
     D:9: 1099 daAuts
     D:7: 1011 daAuts
     D:6: 962 daAuts
  Lair:1: 923 daAuts
    D:11: 903 daAuts
     D:1: 878 daAuts
     D:5: 868 daAuts
     D:8: 601 daAuts
     D:3: 495 daAuts
     D:4: 451 daAuts
     D:2: 434 daAuts
  Lair:4: 387 daAuts
